 Dungeon Crawl Stone Soup version 0.29-a0-187-ga23d9638d5 (webtiles) character file.

Game seed: 348564112799503649

77 cyrus the Chopper (level 4, -1/40 HPs)
             Began as a Hill Orc Fighter on Feb 21, 2022.
             Was a High Priest of Ignis.
             Slain by Sigmund (4 damage)
             ... on level 2 of the Dungeon.
             The game lasted 00:03:38 (1565 turns).

cyrus the Chopper (Hill Orc Fighter)                Turns: 1565, Time: 00:03:39

Health: -1/40      AC: 11    Str: 18    XL:     4   Next: 33%
Magic:  4/4        EV:  9    Int: 10    God:    Ignis [*****.]
Gold:   54         SH:  0    Dex: 10    Spells: 3/3 levels left

rFire   + . .      SeeInvis .   a - +0 war axe
rCold   . . .      Faith    .   c - +0 buckler
rNeg    . . .      Spirit   .   i - +0 plate armour
rPois   .          Reflect  .   (no helmet)
rElec   .          Harm     .   (no cloak)
rCorr   .          Rampage  .   (no gloves)
Will    .....                   (no boots)
Stlth   ..........              (no amulet)
HPRegen 0.13/turn               g - +4 ring of evasion
MPRegen 0.09/turn               (no ring)

@: confused
A: no striking features
a: Renounce Religion, Fiery Armour, Foxfire Swarm, Rising Flame


You were on level 2 of the Dungeon.
You worshipped Ignis.
Ignis was extremely pleased with you.
You visited 1 branch of the dungeon, and saw 2 of its levels.

You collected 54 gold pieces.

Inventory:

Hand Weapons
 a - a +0 war axe (weapon)
Missiles
 e - 2 boomerangs of dispersal (quivered)
Armour
 b - a +0 scale mail
 c - a +0 buckler (worn)
 i - a +0 plate armour (worn)
Jewellery
 g - a +4 ring of evasion (left hand)
Scrolls
 d - a scroll of holy word {unknown}
 f - a scroll of silence {unknown}
 h - a scroll of identify {unknown}
 j - a scroll of blinking {unknown}
 l - 2 scrolls of summoning {unknown}
Potions
 k - a potion of berserk rage {unknown}


   Skills:
 + Level 4.2 Fighting
 + Level 4.4 Axes
 + Level 3.8 Armour
 + Level 0.1 Dodging
 + Level 3.6 Shields


You had 3 spell levels left.
You didn't know any spells.
Your spell library contained the following spells:

 Spells                   Type           Power      Damage    Failure   Level
 Summon Guardian Golem    Hex/Summ       0%         N/A       100%        3
 Orb of Destruction       Conj           0%         9d5       100%        7
 Spellforged Servitor     Conj/Summ      0%         N/A       100%        7


Dungeon Overview and Level Annotations

Branches:
Dungeon (2/15)

Altars:
Ignis

Annotations:
D:2 Sigmund


Message History

Sigmund is lightly wounded.
Sigmund hits you but does no damage.
You completely miss Sigmund.
Sigmund is lightly wounded.
Sigmund gestures wildly while chanting.
Sigmund flickers and vanishes!
Deactivating autopickup; reactivate with Ctrl-A.
You miss something. Something hits you.
You completely miss something.
You hear some strange, mumbled words.
Something tries to affect you, but you resist.
You hit something. Something hits you.
You closely miss something. Something hits you.
You miss something. Something hits you but does no damage.
You barely miss something. Something hits you but does no damage.
You barely miss something. Something hits you but does no damage.
You hit something. Something hits you but does no damage.
You closely miss something. You slash something! Something hits you.
* * * LOW HITPOINT WARNING * * *
You miss something.
You hear some strange, mumbled words.
A magic dart appears from out of thin air!
The magic dart hits you.
* * * LOW HITPOINT WARNING * * *
You hear some strange, mumbled words.
You are confused.
You're too confused to move!
Something hits you.
* * * LOW HITPOINT WARNING * * *
You hear a zap.
Some rock shatters into small pieces.
Something hits you.
* * * LOW HITPOINT WARNING * * *
You bump into the rock wall.
You feel less confused. Something hits you but does no damage.
You hear some strange, mumbled words.
You are confused.
You bump into the rock wall.
Something hits you.
You die...

#).# #####..#
......# ...$#
########..###
............#
..###.#{..#.###.#
...)..)..........
.###.##.@........
#..##...########
#.............<#
...###...#.##..## .
#..#.#.##.########
...................
###########..#######
...............
#######..##....


There were no monsters in sight!

Vanquished Creatures
  Natasha (D:2)
  An adder (D:2)
  A gnoll (D:1)
  A dart slug (D:1)
  5 bats (D:1)
  3 endoplasms (D:1)
  3 giant cockroaches
  2 goblins
  2 hobgoblins (D:1)
  6 ball pythons
  2 kobolds (D:1)
  4 rats
31 creatures vanquished.

Vanquished Creatures (others)
  11 foxfires (D:1)
11 creatures vanquished.

Grand Total: 42 creatures vanquished

Notes
Turn   | Place    | Note
-------+----------+-------------------------------------------
     0 | D:1      | cyrus the Hill Orc Fighter began the quest for the Orb.
     0 | D:1      | Reached XP level 1. HP: 19/19 MP: 1/1
   170 | D:1      | Found a faded altar of an unknown god.
   176 | D:1      | Reached XP level 2. HP: 25/27 MP: 2/2
   193 | D:1      | Prayed at the altar of an unknown god.
   193 | D:1      | Became a worshipper of Ignis, the Dying Flame
   342 | D:1      | Reached XP level 3. HP: 33/33 MP: 3/3
   995 | D:2      | Noticed Natasha
  1008 | D:2      | Killed Natasha
  1009 | D:2      | Reached XP level 4. HP: 9/40 MP: 4/4
  1531 | D:2      | Noticed Sigmund
  1565 | D:2      | Slain by Sigmund

Illustrated notes

Levels and vault maps discovered:
D:1:      minmay_arrival_radiant_lines, layout_basic,
          hellmonk_ecumenical_altar_run_dry, nicolae_grassy_gnolls
D:2:      minmay_wonky_spiral, layout_basic, minmay_vboxes, uniq_natasha,
          uniq_sigmund

Skill      XL: |  1  2  3 |
---------------+----------+-----
Axes           | 3 4 |  4.4
Fighting       | 4 |  4.2
Armour         | |  3.8
Dodging        | |  0.1
Shields        | |  3.6

Action                   |  1- 3 |  4- 6 || total
-------------------------+-------+-------++-------
Melee: War axe           |    64 |    29 ||    93
Invok: Foxfire Swarm     |     1 |       ||     1
  Use: Potion            |     1 |       ||     1
Armor: Scale mail        |    19 |       ||    19
       Plate armour      |    21 |    12 ||    33
Dodge: Dodged            |    54 |     6 ||    60
Block: Buckler           |    13 |     3 ||    16

Table legend: (Time is in decaauts)
 A = Elapsed time spent in this place.
 B = Non-inter-level travel time spent in this place.
 C = Inter-level travel time spent in this place.
 D = Time resting spent in this place.
 E = Time spent auto-exploring this place.
 F = Levels seen in this place.
 G = Mean time per level.
                   A        B        C        D        E       F      G
               +--------+--------+--------+--------+--------+-----+--------+
         Total |   1597 |   1546 |     51 |    443 |    729 |   2 |  798.5 |
       Dungeon |   1597 |   1546 |     51 |    443 |    729 |   2 |  798.5 |
               +--------+--------+--------+--------+--------+-----+--------+

Top non-repeatable levels by time:
     D:1: 927 daAuts
     D:2: 669 daAuts
